Cogmind - Beta 16 --- EXPLORER MODE // 2026.02.02 @ 10:48:18 Player: calgi Result: Destroyed by G-34 Mercenary with Small Laser Performance ------------- Evolutions (0) 0 Regions Visited (2) 400 Robots Destroyed (7) 35 Value Destroyed (210) 210 Prototype IDs (0) 0 Alien Tech Used (0) 0 Bonus (0) 0 TOTAL SCORE: 645 Bonus ------- None Cogmind --------- Core Integrity 0/250 Matter 266/300 Energy 250/250 System Corruption 0% Temperature Cool (6) Movement Walking (190) Ox1 Location -10/Mines Parts ------- > --- POWER (2) -------- Ion Engine > --- PROPULSION (2) --- Aluminum Leg Aluminum Leg > --- UTILITY (2) ------ Large Storage Unit Core Shielding > --- WEAPON (2) ------- (None) > --- INVENTORY (15) --- Sensor Array Peak State ------------ > --- POWER ------------ Ion Engine Light Ion Engine > --- PROPULSION ------- Light Treads Light Treads > --- UTILITY ---------- Core Shielding Light Armor Plating > --- WEAPON ----------- Medium Laser Assault Rifle > --- INVENTORY -------- Aluminum Leg Aluminum Leg [Rating: 8] Favorites ----------- Power Ion Engine Engine Ion Engine Propulsion Light Treads Treads Light Treads Leg Aluminum Leg Utility Large Storage Unit Device Sensor Array Storage Large Storage Unit Protection Light Armor Plating Weapon Assault Rifle Energy Gun Medium Laser Ballistic Gun Assault Rifle Build | -11 -10 -10 ------- Run | Yrd Mat Min Slots Evolved 1 | . 1 . Power 1 | . 1 . Propulsion . | . . . Utility . | . . . Weapon . | . . . Parts Attached 13 | 7 3 3 Power 3 | 1 1 1 Engine 3 | 1 1 1 Core . | . . . Reactor . | . . . Propulsion 4 | 2 . 2 Treads 2 | 2 . . Leg 2 | . . 2 Wheel . | . . . Hover . | . . . Flight . | . . . Utility 4 | 2 2 . Device 1 | . 1 . Storage 1 | . 1 . Processor . | . . . Hackware . | . . . Protection 2 | 2 . . Artifact . | . . . Weapon 2 | 2 . . Energy Gun 1 | 1 . . Energy Cannon . | . . . Ballistic Gun 1 | 1 . . Ballistic Cannon . | . . . Launcher . | . . . Special Weapon . | . . . Impact Weapon . | . . . Slashing Weapon . | . . . Piercing Weapon . | . . . Special Melee Weapon . | . . . Unidentified Prototypes . | . . . Parts Lost 5 | . . 5 Power 2 | . . 2 Propulsion . | . . . Utility 1 | . . 1 Weapon 2 | . . 2 Highest Loss Streak 2 | . . 2 To Critical Strikes . | . . . Average Backups 2 | 2 2 2 Power . | . . . Propulsion 1 | 1 2 1 Utility 1 | . . 1 Weapon . | . . . Tool/Special . | . . . Unused Backups . | . . . Power . | . . . Propulsion . | . . . Utility . | . . . Weapon . | . . . Tool/Special . | . . . Average Slot Usage (%) 93 | . 97 90 Engine 21 | . 22 20 Treads 18 | . 25 14 Leg 6 | . . 10 Storage 10 | . 7 12 Protection 12 | . 16 10 Energy Gun 10 | . 12 9 Ballistic Gun 11 | . 12 11 Peak Build Rating 8 | 7 8 8 Average Rating 7 | 4 7 7 On Entrance 5 | . 7 8 Avg Prop Armor Cover (%) 9 | . . 9 Naked Turns . | . . . Heaviest Build 35 | 11 35 35 Greatest Support 40 | 40 40 40 Greatest Overweight (x) 1 | . . 1 Average Overweight (x) . | . . . Largest Inventory Capacity 15 | 5 15 15 Average Capacity 13 | 5 11 15 Most Carried 5 | 5 4 5 Average Carried 2 | 2 2 2 Final Capacity 15 | 5 15 15 Final Carried 4 | 2 4 1 Class Distribution -------------------- 100% | Hacker-Mutant Dominant Class ---------------- Hacker-Mutant | -10/Materials Hacker-Mutant | -10/Mines Resources | -11 -10 -10 ----------- Run | Yrd Mat Min Matter Collected 360 | . 166 194 Remotely . | . . . Salvage Created 226 | . 166 60 Parts 10 | . 8 2 Haulers Intercepted . | . . . Recyclers Shooed . | . . . Parts Field Recycled . | . . . Retrieved Matter . | . . . Parts Self-Destructed . | . . . Prevented . | . . . Parts Restored . | . . . Kills | -11 -10 -10 ------- Run | Yrd Mat Min Combat Hostiles Destroyed 9 | . 3 6 Guns 9 | . 3 6 Classes Destroyed 5 | . 2 3 Watcher 2 | . 2 . Swarmer 1 | . . 1 Grunt 3 | . 3 . Demolisher 1 | . . 1 Assembled 4 | . . 4 Best Kill Streak 5 | . 5 4 Combat Bots Only 4 | . 3 4 Max Kills in Single Turn 1 | . 1 1 Gunslinging . | . . . Exploded . | . . . Melee . | . . . Uniques/NPCs Destroyed . | . . . Combat | -11 -10 -10 -------- Run | Yrd Mat Min Hostile Shots Fired 164 | . 15 149 Missed 35 | . 3 32 Hits 129 | . 12 117 Projectile 129 | . 12 117 AOE 9 | . . 9 Critical Strikes 5 | . . 5 Part Disruptions 3 | . . 3 Damage Taken 1084 | . 90 994 Core 252 | . 7 245 Absorbed by Shields . | . . . Redirected to Shielding 18 | . . 18 Ignored by Resistances 682 | . 58 624 Core Remaining (%) 100 | 100 . . Volleys Fired 44 | . 11 33 Largest 2 | . 2 2 Hottest 70 | . 70 70 Shots Fired 62 | . 14 48 Gun 62 | . 14 48 Cannon . | . . . Launcher . | . . . Special . | . . . Kinetic 36 | . 3 33 Thermal 26 | . 11 15 Explosive . | . . . Electromagnetic . | . . . Robot Hit Streak 13 | . 13 9 Robot Miss Streak 3 | . 1 3 Penetration Max . | . . . Secondary Targets 1 | . . 1 Max Gunslinging Chain 1 | . . 1 Shots Hit Robots 44 | . 13 31 Core Hits 23 | . 9 14 Critical Kills . | . . . Critical Parts Destroyed 1 | . . 1 Critical Strikes 2 | . . 2 Burn 1 | . . 1 Destroy 1 | . . 1 Melee Attacks . | . . . Impact . | . . . Slashing . | . . . Piercing . | . . . Sneak Attacks . | . . . Combat Hostiles . | . . . Follow-up Attacks . | . . . Damage Inflicted 570 | . 162 408 Guns 555 | . 162 393 Cannons . | . . . Explosions . | . . . Melee . | . . . Ramming 15 | . . 15 Kinetic 344 | . 39 305 Thermal 211 | . 123 88 Explosive . | . . . Electromagnetic . | . . . Impact . | . . . Slashing . | . . . Piercing . | . . . Highest Corruption . | . . . Average Corruption . | . . . Corruption Purged . | . . . Corruption Blocked . | . . . Overload Shots . | . . . Overflow Damage . | . . . Projectiles . | . . . Explosions . | . . . Melee . | . . . Knockbacks . | . . . Impact . | . . . Kinetic . | . . . Secondary . | . . . Self-Inflicted Damage . | . . . Shots . | . . . Rammed 1 | . . 1 Targets Rammed 12 | . . 12 Kicked 11 | . . 11 Crushed . | . . . Highest Temperature 420 | . 330 420 Average Temperature 162 | . 181 150 Received Heat Transfer 568 | . 81 487 Effects 3 | . 1 2 Shutdowns 1 | . . 1 Energy Bleed 1 | . . 1 Matter Decay 1 | . 1 . Siege Activations . | . . . Martial Activations . | . . . Shielding Activations . | . . . Robots Disrupted . | . . . Combat Hostiles . | . . . Robots Corrupted . | . . . Combat Hostiles . | . . . Parts Fried . | . . . Impact Corruptions . | . . . Robots Melted . | . . . Combat Hostiles . | . . . Parts Melted 2 | . 2 . Heat Transferred 703 | . 370 333 Parts Sabotaged . | . . . Parts Stolen . | . . . Parts Stripped . | . . . Power Chain Reactions . | . . . Alert | -11 -10 -10 ------- Run | Yrd Mat Min Maximum Alert Level . | . . . Low Security (%) 100 | 100 100 100 Level 1 . | . . . Level 2 . | . . . Level 3 . | . . . Level 4 . | . . . Level 5 . | . . . High Security . | . . . Max Security . | . . . Peak Influence 70 | . 70 30 Initial . | . . . Average 5 | . 15 1 Influence Increases 136 | . 84 52 Destroy 0b10 Robot/C 100 | . 60 40 Destroy 0b10 Robot/NC 10 | . 10 . Destroy Leader 24 | . 14 10 Successful Hack 2 | . . 2 Influence Decreases 136 | . 84 52 Time Decay 136 | . 84 52 Squads Dispatched . | . . . Investigation . | . . . Extermination . | . . . Reinforcement . | . . . Assault . | . . . Garrison . | . . . Intercept . | . . . Searches Triggered . | . . . Construction Impeded . | . . . Haulers Reinforced . | . . . Active Scanning Responses . | . . . Cargo Convoy Interrupts . | . . . Stealth | -11 -10 -10 --------- Run | Yrd Mat Min Distress Signals 3 | . 1 2 Communications Jammed . | . . . Distress Signals . | . . . Times Spotted 27 | . 5 22 Peak Tracking Total 14 | . 6 14 Tactical Retreats 4 | . . 4 Traps | -11 -10 -10 ------- Run | Yrd Mat Min Traps Triggered . | . . . Indirectly . | . . . Trap Hack Attempts . | . . . Triggered . | . . . Disarmed . | . . . Reprogrammed . | . . . Reused . | . . . Traps Extracted . | . . . Installed . | . . . Triggered . | . . . Machines | -11 -10 -10 ---------- Run | Yrd Mat Min Machines Disabled . | . . . Max in Single Turn . | . . . Machines Repaired . | . . . Machines Dismantled . | . . . Machines Sabotaged . | . . . Overloaded Fab Kills . | . . . Hacking | -11 -10 -10 --------- Run | Yrd Mat Min Machines Accessed 3 | . 2 1 Terminals 3 | . 2 1 Fabricators . | . . . Repair Stations . | . . . Recycling Units . | . . . Scanalyzers . | . . . Garrison Access . | . . . Total Hacks 4 | . 3 1 Successful 4 | . 3 1 Failed . | . . . Catastrophic . | . . . Database Lockouts . | . . . Manual . | . . . Terminals 4 | . 3 1 Fabricators . | . . . Repair Stations . | . . . Recycling Units . | . . . Scanalyzers . | . . . Garrison Access . | . . . Terminal Hacks 4 | . 3 1 Record 1 | . 1 . Alert Level 1 | . 1 . Dispatch Records 1 | . . 1 Maintenance Status 1 | . 1 . Fabricator Hacks . | . . . Repair Station Hacks . | . . . Recycling Unit Hacks . | . . . Scanalyzer . | . . . Garrison Access Hacks . | . . . Unauthorized Hacks . | . . . Terminals . | . . . Fabricators . | . . . Repair Stations . | . . . Recycling Units . | . . . Scanalyzers . | . . . Garrison Access . | . . . Data Cores Recovered . | . . . Used . | . . . Hacking Detections 1 | . 1 . Full Trace Events . | . . . Feedback Events . | . . . Feedback Blocked . | . . . Robot Schematics Acquired . | . . . Robots Built . | . . . Authchips . | . . . Time . | . . . Total Robot Build Rating . | . . . Part Schematics Acquired . | . . . Parts Built . | . . . Authchips . | . . . Time . | . . . Total Part Build Rating . | . . . Part Studies Acquired . | . . . Parts Repaired . | . . . Time . | . . . Parts Recycled . | . . . Recycled Matter . | . . . Retrieved Matter . | . . . Retrieved Components . | . . . Parts Scanalyzed . | . . . Part Schematics Acquired . | . . . Parts Damaged . | . . . Bothacking | -11 -10 -10 ------------ Run | Yrd Mat Min Used RIF Installer . | . . . Robots Hacked . | . . . Non-combat . | . . . Combat . | . . . Robot Hacks Applied . | . . . Relay Couplers Released . | . . . Fabnet Peak Effective % . | . . . Robots Rewired . | . . . Allies Hacked . | . . . Hacks Repelled . | . . . Allies | -11 -10 -10 -------- Run | Yrd Mat Min Total Allies . | . . . Largest Group . | . . . Highest-Rated Group . | . . . Highest-Rated Ally . | . . . Total Orders . | . . . Ally Attacks . | . . . Total Damage . | . . . Kills . | . . . Allies Corrupted . | . . . Allies Melted . | . . . Intel | -11 -10 -10 ------- Run | Yrd Mat Min Active Infowar (turns) 2 | . 2 . Sensors 2 | . 2 . Robot Analysis Total . | . . . Derelict Logs Recovered . | . . . Drone Launches . | . . . Drone Recoveries . | . . . Exploration | -11 -10 -10 ------------- Run | Yrd Mat Min Turns Passed 730 | 63 240 427 Spaces Moved 338 | 48 130 160 Core 25 | 25 . . Treads 241 | 23 130 88 Legs 72 | . . 72 Wheels . | . . . Hover . | . . . Flight . | . . . Fastest Speed 50 | 50 160 160 Average Speed 169 | 102 160 198 Slowest Speed 240 | 160 160 240 Overloaded Moves . | . . . Propulsion Burnouts . | . . . Robots Hopped . | . . . Potential Cave-ins . | . . . Cave-ins Triggered . | . . . Exploration Rate (%) 25 | 4 32 39 Regions Visited 2 Branch Regions 1 Pre-discovered Areas . | . . . Known Exits Taken 2 | 1 1 . Unknown Exits Taken . | . . . Scrap Searched . | . . . Spaces Dug . | . . . Terrain Destroyed . | . . . Melee . | . . . Projectile . | . . . AOE . | . . . Terrain Rammed . | . . . Walls Destroyed . | . . . Machines Disabled . | . . . Actions | -11 -10 -10 --------- Run | Yrd Mat Min Total 421 | 61 148 212 Wait . | . . . Move 336 | 47 129 160 Hop . | . . . Pick Up 11 | 7 3 1 Fast Attach 2 | 2 . . Attach 9 | 5 2 2 Detach 1 | . 1 . Swap 4 | . 2 2 Drop 2 | . . 2 Fire 44 | . 11 33 Melee . | . . . Ram . | . . . Kick 11 | . . 11 Crush 1 | . . 1 Escape Stasis . | . . . Rewire . | . . . Trap . | . . . Miscellaneous . | . . . Route ------- -11/Scrapyard -10/Materials -10/Mines History --------- Turn | Location | Event 16 | -11/Scrapyard | Identified exit to Materials 16 | -11/Scrapyard | Discovered exit to Materials (range 15) 64 | -11/Scrapyard | Entered Materials 64 | -10/Materials | Evolved 1 slot: Power x1 292 | -10/Materials | Identified exit to Mines 292 | -10/Materials | Discovered exit to Mines (range 9) 304 | -10/Materials | Entered Mines 316 | -10/Mines | Build established: Hacker-Mutant 347 | -10/Mines | Assembled infested the area 503 | -10/Mines | Core integrity fell below 50% 662 | -10/Mines | Core integrity fell below 20% 731 | -10/Mines | Destroyed by G-34 Mercenary with Small Laser Last Messages --------------- as-56390 suffers critical hit (Destroy). Destroyed Asb. Hover Unit. as-56390 destroyed. S-10 Pest destroyed. Acquired Lgt. Ion Engine. Dropped Lgt. Treads. Med. Laser destroyed. D-53 Grenadier destroyed. Lgt. Ion Engine destroyed. The unstable cave ceiling collapses. D-53 Grenadier destroyed. The unstable cave ceiling collapses. Acquired 118 matter. The unstable cave ceiling collapses. Assault Rifle destroyed. Kicked G-47 Trooper. Kicked G-47 Trooper out of the way. Kicked G-34 Mercenary. Critical hit (Burn: +37). Kicked G-34 Mercenary. Map ----- +----------------------------------------------------+ | ????????????????????????????????????? | | ????????????????????????????????????? | | ????????????????????????????????????? | | ????????????????????????????????????? | | ????????????????????????????????????? | | ????????????????????????????????????? | | ????????????????????????????????????? | | #?????????????????? ????????????????? | | ##???????????????? ??????????????? | | ####????????????? ??????????????? | | #####???????? ?????????????? | | #??????? ?????????????? | | ## #?????? #??????????????? | | ##????????? #???????????????? | | ##????????? #????????????????? | | ##????????? #?????????????????? | | ##??####??? #?????????????????? | | ##### #### #??????????????????? | | #???????????????????? | | #???????????????????? | | ###### ### #???????????????????? | | ?????## ##???? ##??????????????????? | | ?????## ####### #?????????########?? | | ###### ## # #???????? #?? | | # #????#### #?? | | % " # ###????# g@g """ T?? | | " ## ####### ## """ #?? | | # " #? """ ??? | | # % ## ## #########?? ???? | | # # # #?????????#######??? | | # # ##??????????????????? | | ## # # ## ##???????????????????? | | ?### #######????????????????????? | | ???#### #??????????????????????????? | | ??????# #??????????????????????????? | | ??????# #??????????????????????????? | | ??????# #??????????????????????????? | | ??????# ??????????????????????????? | | ??????# ??????????????????????????? | | ?????? ??????????????????????????? | | ?????? ??????????????????????????? | | ?????? ??????????????????????????? | | ?????? ?????????????????????????? | | ?????? ?????????????????????????? | | ??????? ??????????????????????????? | | ????????????????????????????????????? | | ????????????????????????????????????? | | ????????????????????????????????????? | | ????????????????????????????????????? | | ????????????????????????????????????? | +----------------------------------------------------+ Best States ------------- Heat Dissipation 25 Energy Generation 15 Energy Capacity 275 Matter Stores 262 Matter Capacity 300 Sight Range 16 Terrain Scan Density 10 Armor Coverage 150 Resistance: KI 35 Resistance: TH 35 Resistance: EX 35 Resistance: EM 35 Resistance: I 35 Resistance: S 35 Resistance: P 35 Core Shielding 20 Evasion (%) 50 Recoil Reduction 2 Offensive Hacking 20 Item Schematics ----------------- None Robot Schematics ------------------ None Fabricated ------------ Nothing Repaired ---------- Nothing Studied --------- None Alien Tech Used ----------------- None Achievements -------------- Oops Challenges ------------ None Game ------ Seed AlertEncryptedFemtoactuators Manual? 0 Play Time 00:09:52 Cumulative 0.6 hours Start 2026.02.02 @ 10:37:50 End 2026.02.02 @ 10:48:18 Sessions 1 Manual Loads 0 Difficulty Explorer Special Mode None Game No. 3 Rogue 0 Adventurer 0 Explorer 3 Win Type - Total 0 Types 0/0/0/0/0/0/0/0/0/0 Lore% 0 Gallery% 2 Achievement% 3 Wizard Run 0 Options --------- Layout 1 ASCII 0 Keyboard 0 Movement Mouse Keybinds 0 Fullscreen 2 Font 16/SmallcapsGlow Map View 50x50 Zoom Use 0% Tactical HUD 0 Map Filters NONE Filters NONE Steam X RUN: bdd55b70-9f81-4057-a888-d121294ebc87